← All builds
Tech / Armada / Economy first / OBSERVED BUILD

Standard tech

Armada Tech (Eco) build order · Supreme Isthmus

Rushes T2 by 4:15, gets Advanced Metal Extractor around 5:28, hands off T2 constructors to Geo and the team, then scales eco and supplies the team's T2 needs through the rest of the game.

Usually first T2 con to Geo (83%)

#eco #t2 #team support · 1574 distinct matches · 255 players · 58% of Armada Tech games · team won 53% of 1868 · Recently observed

HOW TO PLAY IT

Key timing: T2 factory by 4:15

  1. Open 3 mex and heavy wind to fund a fast T2 rush.
  2. Put down Bot Lab, planning to eat it for reclaim soon after.
  3. Get Advanced Bot Lab up, hitting the T2 factory rush timing.
  4. Upgrade mex to Advanced Metal Extractor to lock in team metal income.
  5. Eat Advanced Bot Lab and keep sending cons to Geo and Pond.

Phase by phase

TYPICAL OF ITS 1574 GAMES
  1. 1
  2. 2
  3. 3
  4. 4
PLAY THE OPENING

Follow the example game's first 6:00 step by step: what to build now, what comes next, and where it goes. At 1× it keeps pace with your own game.

  1. 1

    Up to the Bot Lab

    Economy
    • Metal Extractor3Mex
    • Wind Turbine4Wind
    Order
    1. Bot LabBot Lab after 3 mex, 4 winddone ~1:18, middle half 1:13–1:32

    Some games also: energy storage (31%)

    By 1:01 in all: 3 mex · 4 wind

    The example game in this phase · 4 steps
    1. Mex ×3
    2. Wind ×4
    3. Solar
    4. Bot LabBot Labdone 1:25 · typical 1:18
  2. 2

    Bot Lab to Advanced Bot Lab

    Economy
    • Metal Extractor1Mex
    • Wind Turbine8Wind
    • Energy Storage1Energy storage
    Order
    1. Advanced Bot LabAdvanced Bot Lab after 4 mex, 12 wind, 3 con turretdone ~4:16, middle half 4:04–4:30
    Builders
    • Construction Turret3 Con turret
    • Lazarus3 Lazarus
    • Construction Bot2 Con bot
    • Construction Bot1 Con bot for allies

    Some games also: converter (36%)

    By 3:18 in all: 4 mex · 12 wind · 1 energy storage · 3 con turret

    The example game in this phase · 15 steps
    1. LazarusLazarus
    2. Construction BotCon bot
    3. Wind ×3
    4. LazarusLazarus
    5. Construction BotCon bot
    6. LazarusLazarus
    7. Con turret
    8. Mex
    9. Wind ×2
    10. Con turret
    11. Energy storage
    12. Wind
    13. Con turret
    14. Wind
    15. Advanced Bot LabAdvanced Bot Labdone 4:10 · typical 4:16
  3. 3

    Advanced Bot Lab to 5:00

    Economy
    • Wind Turbine3Wind
    Order
    1. Bot LabEat Bot Lab
    Builders
    • Advanced Construction Bot1 T2 con bot for allies

    Some games also: converter (35%)

    By 5:00 in all: 4 mex · 15 wind · 1 converter · 1 energy storage · 3 con turret

    The example game in this phase · 9 steps
    1. Bot LabEat Bot Labreclaimed for its metal
    2. Wind ×2
    3. Advanced Construction BotT2 con botfor Geo
    4. Wind
    5. Advanced Metal ExtractorT2 mexdone 5:34 · typical 5:29
    6. Advanced Construction BotT2 con botfor Air
    7. Wind ×3
    8. FatboyFatboyfor Ponddone 5:26
    9. Advanced Metal ExtractorT2 mex
  4. 4

    5:00 to 10:00

    Economy
    • Wind Turbine43Wind
    • Energy Converter6Converter
    Builders
    • Butler9 Butler
    • Advanced Construction Bot4 T2 con bot for allies
    • Advanced Construction Bot1 T2 con bot

    Some games also: con turret (43%) · Butler for allies (37%)

    By 10:00 in all: 4 mex · 58 wind · 8 converter · 1 energy storage · 3 con turret

    The example game in this phase · 216 steps
    1. Wind
    2. Converter ×2
    3. Wind ×2
    4. Advanced Construction BotT2 con bot
    5. Advanced Construction BotT2 con botfor Geo sea
    6. Wind ×3
    7. Advanced Metal ExtractorT2 mex
    8. Converter
    9. Advanced Metal ExtractorT2 mex
    10. Converter
    11. ButlerButler
    12. Converter
    13. ButlerButler
    14. Converter
    15. ButlerButler
    16. Converter
    17. Advanced Construction BotT2 con botfor Beach sea
    18. ButlerButler
    19. Energy storage
    20. ButlerButler ×2
    21. Con turret
    22. Wind ×2
    23. Advanced Construction BotT2 con botfor Pond
    24. Wind ×5
    25. Converter
    26. Wind ×2
    27. ButlerButlerfor Beach sea
    28. Wind ×2
    29. Converter
    30. ButlerButlerfor Beach sea
    31. Wind ×2
    32. Converter
    33. Wind
    34. ButlerButler
    35. Wind
    36. Converter
    37. Wind ×2
    38. ButlerButler
    39. Wind ×2
    40. Converter
    41. ButlerButler
    42. Wind ×2
    43. Converter
    44. Wind ×2
    45. Converter
    46. Wind ×2
    47. Converter
    48. Wind ×2
    49. ButlerButler
    50. Wind ×2
    51. Converter ×2
    52. ButlerButler
    53. Wind ×2
    54. Con turret
    55. Converter
    56. Wind
    57. Con turret
    58. Wind
    59. ButlerButler
    60. Wind ×2
    61. Converter
    62. Wind ×2
    63. ButlerButler
    64. Wind ×2
    65. Converter
    66. ButlerButler
    67. Wind ×2
    68. ButlerButler
    69. Wind
    70. Converter
    71. Wind ×5
    72. Converter
    73. Wind ×3
    74. Converter
    75. Wind ×3
    76. PlatypusPlatypus
    77. Wind ×3
    78. PlatypusPlatypus
    79. Converter
    80. Wind ×5
    81. PlatypusPlatypus
    82. Converter
    83. Wind ×4
    84. PlatypusPlatypus
    85. Wind
    86. Converter
    87. Wind ×4
    88. Advanced Construction BotT2 con bot
    89. Converter
    90. UmbrellaAnti-nukedone 10:48
    91. Wind ×4
    92. Con turret
    93. Converter ×4
    94. Wind
    95. Converter
    96. Advanced Construction BotT2 con bot
    97. Wind ×5
    98. Converter
    99. Wind ×6
    100. Converter
    101. PlatypusPlatypus
    102. Wind ×3
    103. Converter
    104. Wind ×2
    105. TracerTracer
    106. Converter
    107. Wind
    108. Converter
    109. PlatypusPlatypus
    110. Wind ×3
    111. Converter
    112. Wind ×3
    113. Converter
    114. Wind ×3
    115. Converter
    116. Wind ×4
    117. Converter
    118. Wind ×3
    119. PlatypusPlatypus
    120. Wind
    121. Converter
    122. Wind ×2
    123. Converter
    124. Wind ×2
    125. Converter
    126. PlatypusPlatypus
    127. Wind ×4
    128. Converter
    129. Wind ×2
    130. Fusion ReactorFusiondone 13:13
    131. Wind ×6
    132. Converter
    133. Wind ×7
    134. Converter ×2
    135. Wind ×9
    136. Advanced Bot LabEat Advanced Bot Labreclaimed for its metal
    137. Converter
    138. Wind
    139. Converter
    140. Wind ×3
    141. Con turret
    142. Wind ×4
    143. Converter
    144. Wind ×3
    145. Con turret
    146. Wind ×4
    147. Converter
    148. Wind ×6
    149. Converter
    150. Wind ×8
    151. Converter
    152. Wind
    153. Energy storage
    154. Wind ×3
    155. Converter
    156. Wind ×8
    157. Converter
    158. Wind ×5
    159. Converter
    160. Wind ×3
    161. Converter
    162. Wind ×4
    163. Converter
    164. Wind
    165. Converter
    166. Wind ×4
    167. Converter
    168. Fusion ReactorFusion
    169. Converter
    170. Wind
    171. Converter
    172. Wind ×6
    173. Converter ×2
    174. Wind ×8
    175. Converter ×2
    176. Con turret
    177. Wind ×4
    178. Converter
    179. Wind ×4
    180. Converter ×3
    181. Wind
    182. Converter
    183. Advanced solar
    184. Converter
    185. Wind ×3
    186. Converter ×2
    187. Wind ×3
    188. Converter
    189. Wind
    190. Converter
    191. Wind ×2
    192. Aircraft PlantAircraft Plantdone 14:33
    193. Wind ×4
    194. Converter ×3
    195. Wind
    196. Con turret
    197. Wind ×2
    198. Converter
    199. Wind
    200. Converter
    201. Wind ×3
    202. PinpointerPinpointer
    203. Con turret
    204. Construction AircraftCon aircraft
    205. Wind ×4
    206. Converter
    207. Wind ×2
    208. Converter
    209. Wind ×4
    210. Converter
    211. Wind ×2
    212. PinpointerPinpointer
    213. Converter ×2
    214. Wind
    215. Converter
    216. PinpointerPinpointer

Counts are medians over the build's games: half of them build more, half fewer. The example game is Godmother13's (39 OS, 13/10/2026); pick another.

Team trades

IN AT LEAST 30% OF ITS GAMES

You hand over

  • Construction Bot1 Con bot to Airfirst at 2:24 · in 84% of games
  • Advanced Construction Bot5 T2 con bot to Air or Geo sea or Pondfirst at 4:50 · in 99% of games
  • Butler2 Butler to Geo sea or Beach sea or Pondfirst at 9:07 · in 42% of games

You get

  • Hercules1 Light transport from Airfirst at 4:01 · in 86% of games

How it plays out

Typical game of this build, running totals by minute

Metal produced

020k40k
0:005:0010:0015:00

metal

Enemy metal destroyed

050100
0:005:0010:0015:00

metal

Own metal lost

050100150
0:005:0010:0015:00

metal

1868 games.

Show as table
ByMetal produced: This buildEnemy metal destroyed: This buildOwn metal lost: This build
1:0038300
2:0091500
3:00165100
4:00314300
5:00484800
6:00580000
7:00722700
8:00906100
9:001116900
10:001350200
11:001623900
12:001965200
13:002344100
14:0027357074
15:003153885130
WHAT THE NUMBERS SAY

Standard Tech play barely fights at all early, instead pouring metal into T2 infrastructure and constructors for the team.

  • + Metal produced hits 31679 by 15:00, by far the highest of any role here.
  • + T2 factory reached in 97% of games by 4:15, fastest and most reliable T2 timing.
  • − Enemy metal destroyed stays at 0 through 10:00, no early offense at all.
  • − Own metal lost also near 0, showing total avoidance of combat risk.
THE EXAMPLE YOU ARE READING

Godmother13

38.8 OS · 13/10/2026

Open source match ↗

1 received units
3346 metal received · 68448 energy received

Allied construction assistance is unknown. Timings are observations, not a promise of solo reproducibility.

Typical milestones

Bot Lab1:18Middle 50%: 1:13–1:32 · n=1868
Advanced Bot Lab4:16Middle 50%: 4:04–4:30 · n=1861
Advanced Metal Extractor5:29Middle 50%: 5:06–5:59 · n=1864

Played most by

Amrissa93games of this buildTheGeneraI66games of this buildAdeus57games of this buildEl_Turco56games of this buildKOT_43games of this build
Standard tech · Armada Tech (Eco) build order · BAR Build Atlas